Map: Orbital Shipyard

Players

Wellmet

  • Race: Terran Terran
  • League: Diamond

IIIIIIIIIIII - Winner!

  • Race: Terran Terran
  • League: Master

VOD

Have the link to the VOD?

Description

Time

  • Played on: Nov. 12, 2015, 11:10 p.m.
  • Length: 10:51
Show
View Real Time Build Order
Export as new Build Order

Wellmet Terran 

Build Orders: Reaper Expand 

Get SALT Encoding   

  12  0:01  SCV  
  13  0:13  SCV  
  14  0:17  Supply Depot  
  14  0:25  SCV  
  15  0:39  SCV  
  15  0:42  Barracks  
  16  0:46  Refinery  
  16  0:51  SCV  
  17  1:03  SCV  
  18  1:15  SCV  
  19  1:29  Orbital Command  
  19  1:30  Reaper  
  20  1:43  Command Center  
  20  1:55  SCV  
  21  2:03  Barracks Reactor  
  21  2:07  SCV, Supply Depot  
  21  2:10  Refinery  
  21  2:19  SCV  
  22  2:31  Factory  
  22  2:34  SCV  
  22  2:39  Marine x2  
  24  2:46  SCV  
  25  2:56  Orbital Command  
  25  2:58  Supply Depot, Marine  
  25  2:59  Marine  
  25  3:00  SCV  
  28  3:12  SCV  
  29  3:15  Starport  
  29  3:17  Factory Tech Lab  
  29  3:18  Marine x2  
  31  3:22  SCV  
  32  3:35  Marine  
  32  3:36  Marine  
  32  3:40  SCV x2  
  36  3:46  Factory Tech Lab  
  36  3:52  SCV x2  
  36  3:54  Marine x2  
  40  3:57  Raven  
  42  4:04  SCV  
  42  4:05  Siege Tank  
  42  4:09  Supply Depot, SCV  
  47  4:12  Marine x2  
  47  4:16  SCV  
  50  4:21  SCV  
  50  4:30  Marine x2  
  51  4:31  SCV  
  51  4:36  SCV  
  51  4:38  Siege Tank  
  53  4:47  SCV  
  53  4:48  Marine x2  
  53  4:51  Viking  
  57  4:59  SCV  
  57  5:00  Barracks  
  57  5:04  Barracks  
  57  5:10  SCV  
  57  5:11  Marine  
  57  5:12  Marine  
  57  5:13  Siege Tank  
  61  5:15  SCV  
  62  5:22  Command Center  
  62  5:27  SCV  
  63  5:29  Engineering Bay  
  63  5:32  Starport Reactor  
  63  5:33  Marine  
  63  5:35  SCV  
  65  5:44  SCV  
  65  5:46  Siege Tank  
  69  5:52  SCV  
  69  5:54  Refinery  
  70  5:58  Supply Depot  
  70  5:59  Terran Infantry Weapons Level 1  
  70  6:02  Supply Depot, Missile Turret  
  70  6:03  Missile Turret  
  70  6:19  SCV x2, Reaper, Marine x2  
  70  6:21  Supply Depot  
  74  6:31  SCV  
  74  6:33  Starport Reactor  
  74  6:34  Marine x2  
  74  6:37  SCV  
  74  6:39  SCV  
  74  6:41  Marine x2  
  74  6:49  SCV  
  74  6:53  Orbital Command  
  75  6:55  Supply Depot, Barracks, Marine  
  75  6:56  Barracks x2, Marine x2  
  74  7:02  SCV  
  74  7:05  Marine x2  
  73  7:09  Siege Tank  
  73  7:13  Viking, Refinery  
  78  7:16  Marine x2  
  78  7:20  Viking  
  78  7:21  SCV x2  
  78  7:22  Marine  
  85  7:26  Marine x2  
  87  7:34  Marine x2  
  86  7:41  Marine  
  86  7:44  Marine  
  78  7:46  Viking  
  78  7:47  Marine  
  78  7:49  Barracks Reactor x2  
  78  7:50  Viking  
  81  7:51  SCV  
  81  7:52  SCV  
  81  7:53  Marine  
  81  7:54  Barracks  
  81  7:56  Marine x2  
  84  7:58  Marine  
  84  8:00  SCV  
  84  8:03  Marine  
  84  8:04  SCV  
  84  8:05  Marine  
  88  8:11  Marine  
  88  8:13  Marine  
  88  8:18  Marine x2  
  88  8:21  Marine  
  88  8:23  Viking x2  
  88  8:24  Siege Tank  
  88  8:25  SCV x2  
  93  8:27  Marine x2  
  93  8:30  Supply Depot  
  95  8:35  Marine  
  95  8:36  Orbital Command  
  94  8:52  Barracks Reactor, Marine x5  
  94  8:53  Supply Depot  
  94  8:55  Terran Infantry Armor Level 1  
  99  8:57  Armory, Supply Depot  
  99  8:59  Marine  
  99  9:00  Marine  
  101  9:07  Barracks Tech Lab  
  101  9:11  Marine  
  101  9:14  Supply Depot  
  101  9:17  Marine x2  
  101  9:18  Marine  
  101  9:19  Supply Depot  
  102  9:28  Marine x3  
  77  9:40  Marine x2  
  77  9:45  Marine x2  
  57  9:49  Marine x4  
  57  9:50  Marine  
  25  10:07  Marine  
  25  10:08  Marine x4  
  25  10:24  Marine x3  
  33  10:31  Marine  
Show
View Real Time Build Order
Export as new Build Order

IIIIIIIIIIII Terran - Winner!

Build Orders: 1/1/1, Bio Tank, Banshee Rush 

Get SALT Encoding   

  12  0:01  SCV  
  13  0:13  SCV  
  14  0:18  Supply Depot  
  14  0:25  SCV  
  15  0:30  Refinery  
  15  0:39  SCV  
  16  0:45  Barracks  
  16  0:51  SCV  
  17  1:03  SCV  
  18  1:13  Refinery  
  18  1:15  SCV  
  19  1:33  Factory, Orbital Command, Marine  
  20  1:46  Supply Depot  
  20  1:50  Marine  
  21  1:59  SCV  
  22  2:08  Marine  
  22  2:11  SCV  
  24  2:17  Factory Tech Lab, Starport  
  24  2:23  SCV  
  24  2:26  Marine  
  24  2:28  Supply Depot  
  26  2:35  SCV  
  27  2:44  Marine  
  27  2:46  Widow Mine  
  27  2:47  SCV  
  31  2:59  SCV  
  31  3:00  Cloaking Field  
  31  3:01  Banshee  
  31  3:02  Marine  
  36  3:05  Supply Depot  
  36  3:11  SCV  
  37  3:20  Barracks Reactor, Factory Tech Lab  
  37  3:25  SCV  
  38  3:37  Command Center  
  38  3:44  Raven  
  40  3:56  Siege Tank  
  40  3:59  Supply Depot  
  40  4:00  SCV  
  44  4:04  Marine x2  
  44  4:09  Supply Depot  
  46  4:13  SCV  
  47  4:21  Marine x2  
  49  4:33  SCV  
  49  4:34  Siege Tank  
  49  4:35  Viking  
  55  4:39  Marine  
  56  4:47  Marine  
  57  4:53  SCV  
  57  4:57  Marine  
  57  4:59  Orbital Command  
  60  5:11  SCV  
  59  5:16  Siege Tank  
  61  5:22  Refinery  
  61  5:23  SCV  
  61  5:24  Viking, Refinery  
  61  5:26  Viking  
  66  5:31  SCV  
  66  5:32  Supply Depot x2  
  66  5:35  SCV  
  68  5:38  Marine  
  69  5:44  SCV  
  69  5:46  Stimpack  
  69  5:47  SCV  
  71  5:55  Barracks  
  71  5:56  Barracks  
  72  5:59  Marine  
  74  6:06  Siege Tank  
  74  6:09  SCV  
  74  6:10  SCV, Engineering Bay  
  77  6:21  SCV  
  77  6:22  SCV  
  76  6:29  Medivac x2  
  76  6:32  Marine  
  80  6:34  SCV x2  
  83  6:45  Barracks Reactor x2  
  83  6:48  SCV  
  83  6:50  SCV, Siege Tank  
  88  7:01  Marine  
  88  7:03  Medivac  
  92  7:10  Medivac  
  92  7:13  Terran Infantry Weapons Level 1  
  93  7:16  Command Center  
  93  7:18  Supply Depot  
  93  7:19  Marine  
  93  7:21  Supply Depot  
  94  7:39  SCV, Marine x5  
  94  7:43  Siege Tank  
  103  7:47  SCV  
  103  7:48  Medivac x2  
  108  7:51  SCV  
  108  7:57  Marine  
  110  7:58  Combat Shields  
  110  8:02  Supply Depot  
  110  8:04  Supply Depot  
  110  8:13  Marine x2  
  110  8:14  Marine  
  110  8:23  SCV, Marine  
  110  8:24  SCV  
  110  8:25  Siege Tank  
  115  8:29  Medivac x2  
  115  8:31  Marine x3  
  112  8:42  Orbital Command  
  111  8:48  Marine x2  
  111  8:51  Barracks  
  111  8:52  Barracks, Marine x3  
  114  9:06  Marine x2  
  116  9:10  Marine x3  
  116  9:11  Siege Tank, Medivac  
  116  9:12  Medivac  
  116  9:13  SCV  
  127  9:18  Orbital Command  
  127  9:24  Marine x2  
  127  9:27  Marine  
  127  9:28  SCV x2  
  132  9:37  Marine x2  
  129  9:40  SCV x2  
  129  9:42  Marine x2  
  129  9:45  Marine  
  126  9:49  Barracks Reactor  
  126  9:50  Barracks Reactor  
  126  9:51  SCV  
  126  9:52  SCV  
  122  9:55  Siege Tank, Marine x2  
  122  9:59  Medivac x2  
  131  10:00  Marine  
  131  10:03  Marine  
  131  10:05  SCV x2  
  136  10:07  SCV  
  136  10:12  Marine  
  136  10:13  Marine  
  138  10:14  Marine  
  138  10:17  SCV  
  138  10:19  Supply Depot, Marine  
  141  10:38  Refinery  
  141  10:42  Supply Depot  
  149  10:44  Armory  
  149  10:45  Supply Depot  
  149  10:47  Engineering Bay  
Tags
 
Add a new tag
Caveats
  • Supply blocks, unpowered buildings, or Contaminate may cause inaccurate times.
  • Supply counts are checked every 10 seconds.